Map: Acropolis LE

Players

ShoWTimE - Winner!

  • Race: Protoss Protoss
  • League: Grandmaster
  • Spawn Location: 5:00

HateMe

  • Race: Zerg Zerg
  • League: Master
  • Spawn Location: 11:00

Event: HomeStory Cup XIX

VOD

Have the link to the VOD?

Description

Time

  • Played on: June 28, 2019, 9:31 a.m.
  • Length: 10:27

All games in this series

Show
View Real Time Build Order
Export as new Build Order

ShoWTimE Protoss - Winner!

Build Orders: 1 Gate Expand, Oracle Opening, Phoenix Opening, Chargelot Immortal 

Get SALT Encoding   

  12  0:00  Probe  
  13  0:13  Probe  
  14  0:17  Pylon  
  14  0:24  Probe  
  15  0:32  Probe  
  15  0:39  Gateway  
  15  0:40  Probe  
  16  0:46  Assimilator  
  17  0:51  Probe  
  18  1:03  Probe  
  19  1:15  Probe  
  20  1:24  Nexus  
  20  1:28  Probe  
  21  1:37  Cybernetics Core  
  21  1:40  Probe  
  21  1:45  Assimilator  
  22  1:52  Pylon  
  22  1:54  Probe  
  23  2:03  Adept  
  23  2:10  Probe  
  26  2:17  Stargate  
  26  2:22  Probe  
  27  2:25  Warp Gate  
  27  2:32  Probe, Adept  
  27  2:34  Probe  
  31  2:40  Probe  
  31  2:43  Probe  
  32  2:50  Probe  
  33  2:51  Probe  
  33  2:56  Phoenix  
  35  3:00  Probe  
  35  3:02  Probe  
  35  3:04  Pylon  
  39  3:13  Probe  
  39  3:14  Probe  
  39  3:15  Oracle  
  41  3:25  Probe, Gateway  
  41  3:26  Probe  
  46  3:35  Gateway  
  46  3:37  Probe  
  46  3:39  Probe  
  48  3:47  Twilight Council  
  48  3:49  Probe, Pylon  
  48  3:50  Adept  
  48  3:52  Probe  
  52  3:57  Resonating Glaives  
  52  3:58  Assimilator  
  52  4:00  Assimilator  
  52  4:01  Probe  
  53  4:03  Pylon  
  53  4:04  Probe  
  54  4:13  Probe  
  54  4:16  Probe  
  56  4:25  Probe  
  54  4:31  Adept x3  
  54  4:34  Pylon  
  54  4:37  Robotics Facility  
  60  4:47  Nexus  
  60  4:49  Pylon  
  60  4:54  Adept x2  
  60  4:56  Adept  
  66  5:01  Probe x2  
  66  5:08  Pylon  
  66  5:13  Probe x2  
  66  5:15  Adept x2  
  66  5:17  Adept  
  64  5:25  Probe x2  
  64  5:26  Observer  
  67  5:36  Adept x2  
  67  5:37  Probe  
  67  5:38  Probe, Adept  
  75  5:46  Charge  
  75  5:48  Forge  
  75  5:49  Probe  
  76  5:50  Probe, Shield Battery  
  76  5:56  Immortal  
  76  5:57  Adept x2  
  81  5:58  Adept  
  81  5:59  Probe  
  81  6:01  Probe  
  85  6:08  Probe  
  90  6:11  Probe  
  90  6:14  Probe  
  84  6:20  Probe  
  84  6:21  Sentry x3  
  84  6:25  Probe  
  86  6:29  Probe  
  86  6:32  Probe, Immortal, Pylon  
  84  6:34  Protoss Ground Weapons Level 1  
  89  6:47  Assimilator, Gateway x2  
  84  6:49  Assimilator  
  84  6:50  Gateway  
  84  6:51  Sentry  
  84  6:52  Sentry  
  84  6:53  Adept  
  90  6:59  Probe  
  90  7:00  Immortal, Templar Archives, Gateway  
  90  7:01  Probe, Pylon  
  92  7:03  Gateway  
  96  7:22  Gateway x2  
  96  7:25  Pylon  
  96  7:27  Warp Prism  
  96  7:30  Zealot x3, Pylon  
  96  7:32  Photon Cannon  
  102  7:39  Pylon  
  104  7:46  Zealot x3  
  104  7:49  Pylon  
  110  7:52  High Templar x3  
  116  7:59  Immortal, Psionic Storm  
  116  8:00  Zealot x2  
  124  8:08  High Templar x3  
  124  8:10  Nexus  
  124  8:11  Probe  
  124  8:12  Pylon  
  131  8:17  Photon Cannon  
  121  8:23  Probe x2  
  121  8:24  Probe  
  124  8:27  Shield Battery  
  124  8:32  Zealot  
  126  8:35  Probe  
  126  8:37  High Templar x2  
  126  8:40  Photon Cannon  
  131  8:42  Zealot x2, Archon, Gateway  
  131  8:45  Pylon  
  135  8:49  Assimilator, Warp Prism  
  135  8:55  Assimilator  
  135  8:56  Probe x2  
  135  8:57  Probe  
  140  9:10  Pylon  
  140  9:22  Photon Cannon  
  140  9:24  Photon Cannon  
  140  9:25  Zealot x7  
  154  9:37  Zealot x3  
  154  9:38  Immortal  
  154  9:42  Zealot  
  146  9:47  Zealot x3  
  114  10:00  High Templar x7  
  114  10:01  Probe x4  
  114  10:04  Archon  
  114  10:05  Archon  
  124  10:10  High Templar x2  
  124  10:19  High Templar  
  126  10:21  Zealot  
Show
View Real Time Build Order
Export as new Build Order

HateMe Zerg 

Build Orders: Hatch First 

Get SALT Encoding   

  12  0:01  Drone  
  13  0:12  Overlord  
  13  0:17  Drone  
  14  0:30  Drone x2  
  16  0:48  Hatchery  
  15  0:51  Drone  
  15  0:54  Drone  
  17  0:58  Drone  
  18  1:08  Extractor  
  17  1:13  Spawning Pool  
  17  1:17  Drone  
  17  1:20  Drone  
  18  1:27  Drone  
  19  1:38  Drone  
  20  1:51  Overlord  
  20  2:00  Queen x2  
  24  2:03  Zergling x4  
  26  2:14  Drone x2  
  28  2:22  Drone x2  
  30  2:35  Hatchery  
  29  2:41  Pneumatized Carapace  
  29  2:42  Drone x2  
  31  2:49  Overlord  
  31  2:50  Drone  
  32  2:54  Queen  
  34  2:59  Drone  
  34  3:01  Drone  
  36  3:07  Overlord  
  36  3:15  Drone x5  
  41  3:28  Overlord  
  41  3:29  Drone  
  42  3:40  Overlord  
  42  3:43  Drone x4  
  42  3:47  Metabolic Boost  
  46  3:48  Overlord  
  46  3:50  Queen x2  
  46  3:54  Spore Crawler  
  49  3:55  Spore Crawler  
  48  4:04  Spore Crawler  
  47  4:13  Drone x9  
  56  4:20  Lair  
  53  4:24  Evolution Chamber  
  53  4:28  Drone  
  53  4:29  Drone x2  
  54  4:35  Overlord  
  54  4:36  Drone  
  54  4:37  Drone x3  
  58  4:50  Zerg Melee Weapons Level 1  
  58  4:51  Zergling x16  
  65  4:56  Overlord  
  65  4:58  Zergling x6  
  67  5:08  Zergling x6  
  67  5:16  Drone x5  
  71  5:23  Baneling Nest  
  71  5:24  Overlord x2  
  70  5:29  Zergling x10  
  75  5:37  Extractor  
  75  5:38  Extractor  
  75  5:39  Extractor, Overlord  
  75  5:40  Zergling x2  
  75  5:42  Overlord  
  73  5:45  Drone x2  
  73  5:49  Drone x4  
  79  5:54  Drone x4  
  82  6:06  Drone x5  
  82  6:08  Baneling x3  
  86  6:16  Drone x4  
  86  6:18  Drone  
  74  6:27  Zergling x16  
  74  6:29  Drone  
  74  6:32  Drone  
  81  6:34  Drone  
  80  6:41  Drone x3  
  80  6:46  Drone x3  
  83  6:48  Baneling x2, Hydralisk Den  
  83  6:49  Baneling x3, Zerg Melee Weapons Level 2  
  83  6:53  Extractor  
  81  6:55  Zergling x2  
  81  6:56  Zergling x4  
  81  7:01  Zergling x2  
  85  7:04  Hatchery  
  85  7:08  Extractor  
  83  7:17  Drone x10, Spire  
  92  7:24  Grooved Spines  
  92  7:32  Overlord x3  
  92  7:33  Hydralisk x2  
  96  7:46  Hydralisk x4, Overlord x2  
  104  7:52  Hydralisk x2  
  104  7:57  Hydralisk  
  104  7:58  Hydralisk x4  
  119  8:02  Overlord x2  
  119  8:04  Hydralisk x2  
  123  8:10  Hydralisk x2  
  127  8:18  Drone x5  
  129  8:23  Infestation Pit  
  129  8:26  Centrifical Hooks  
  128  8:30  Overlord  
  128  8:34  Drone x4  
  132  8:51  Muscular Augments  
  132  8:52  Overlord x2  
  132  8:53  Zergling x36  
  150  8:55  Overseer  
  150  9:04  Hive  
  150  9:07  Zergling x2, Overlord, Spire  
  150  9:08  Zergling x4  
  152  9:10  Zergling x2  
  152  9:15  Baneling x9  
  153  9:17  Zergling x6  
  153  9:23  Zergling x12  
  159  9:35  Zergling x20  
  149  9:40  Zergling x2  
  118  9:55  Hydralisk x9  
  118  9:58  Spawning Pool  
  115  10:11  Drone x3  
  117  10:19  Hatchery  
Tags
 
Add a new tag
Caveats
  • Supply blocks, unpowered buildings, or Contaminate may cause inaccurate times.
  • Supply counts are checked every 10 seconds.